 Dungeon Crawl Stone Soup version 0.26.1-15-g04117e645d (webtiles) character file.

Game seed: 5730119622233597485

1518118 RogerS the Conqueror (level 27, 273/273 HPs)
             Began as a Minotaur Fighter on Sept 15, 2022.
             Was the Champion of Okawaru.
             Escaped with the Orb
             ... and 3 runes on Sept 19, 2022!
             The game lasted 16:46:58 (98205 turns).

RogerS the Conqueror (Minotaur Fighter)            Turns: 98205, Time: 16:46:58

Health: 273/273    AC: 34    Str: 33    XL:     27
Magic:  25/25      EV: 26    Int: 10    God:    Okawaru [******]
Gold:   8057       SH: 35    Dex: 22    Spells: 26/26 levels left

rFire    + + .     SeeInvis +   b - +10 broad axe "Wut Zyi" {speed, rC+ Dex+2}
rCold    + . .     Faith    +   a - +8 tower shield
rNeg     . . .     Spirit   .   J - +6 plate armour of Midwinter {rPois Slay+2 Stlth+}
rPois    +         Reflect  .   N - +0 hat of Ifoafuu {rF+ Regen+}
rElec    .         Harm     .   k - scarf {repulsion}
rCorr    .         Rampage  .   S - +2 pair of gloves {Str+3}
Will     ++++.                  Q - +2 pair of boots {run}
Stlth    ..........             T - amulet of faith
HPRegen  0.95/turn              i - ring of Obsession {rF+ Dex+10 SInv}
MPRegen  0.19/turn              l - ring of the Mage {Wiz Will++ Int+3}

@: repel missiles, quick
A: retaliatory headbutt, horns 2, clumsy 1, low mp 1
0: Orb of Zot
}: 3/15 runes: decaying, silver, gossamer
a: Renounce Religion, Heroism, Finesse


You escaped.
You worshipped Okawaru.
Okawaru was exalted by your worship.
You visited 11 branches of the dungeon, and saw 51 of its levels.
You visited 1 bazaar.
You also visited: Trove, Sewer, Gauntlet, Ice Cave and Wizlab.

You collected 11056 gold pieces.
You spent 2999 gold pieces at shops.

Inventory:

Hand Weapons
 b - the +10 broad axe "Wut Zyi" (weapon) {speed, rC+ Dex+2}
   (You bought it in a shop in a bazaar)

   Attacks with this weapon are significantly faster.
   It affects your dexterity (+2).
   It protects you from cold.
 h - the +3 broad axe of Dung {flame, rPois Will- Int+4 Dex+10}
   (Okawaru gifted it to you on level 1 of the Vaults)

   It has been specially enchanted to burn those struck by it, causing extra
   injury to most foes and up to half again as much damage against particularly
   susceptible opponents.
   Big, fiery blades are also staple armaments of hydra-hunters.
   It affects your intelligence (+4).
   It affects your dexterity (+10).
   It protects you from poison.
   It affects your willpower, your defense against some magical effects.
Missiles
 j - 24 silver javelins (quivered)
 C - 27 silver boomerangs
 I - 57 javelins
 V - 3 throwing nets
 X - 18 curare-tipped darts
Armour
 a - a +8 tower shield (worn)
 k - a scarf of repulsion (worn)
 z - the +15 Maxwell's patent armour {-Cast -Tele rElec Will+ rCorr}
   (You took it off a deep elf master archer on level 3 of the Elven Halls)

   It insulates you from electricity.
   It affects your willpower, your defense against some magical effects.
   It prevents spellcasting.
   It prevents most forms of teleportation.
   It provides partial protection from all sources of acid and corrosion.
 G - a +0 hat of see invisible
 J - the +6 plate armour of Midwinter (worn) {rPois Slay+2 Stlth+}
   (Okawaru gifted it to you on level 1 of the Swamp)

   It affects your accuracy and damage with ranged weapons and melee attacks
   (+2).
   It protects you from poison.
   It makes you more stealthy.
 L - +0 gold dragon scales
 N - the +0 hat of Ifoafuu (worn) {rF+ Regen+}
   (Okawaru gifted it to you on level 5 of the Realm of Zot)

   It protects you from fire.
   It increases your rate of regeneration.
 Q - a +2 pair of boots of running (worn)
 R - a +1 hat of willpower
 S - a +2 pair of gloves of strength (worn)
Jewellery
 i - the ring of Obsession (left hand) {rF+ Dex+10 SInv}
   (You found it on level 2 of the Vaults)

   [ring of protection from fire]

   It affects your dexterity (+10).
   It protects you from fire.
   It lets you see invisible.
 l - the ring of the Mage (right hand) {Wiz Will++ Int+3}
   (You found it on level 5 of the Lair of Beasts)

   [ring of wizardry]

   It improves your spell success rate.
   It affects your intelligence (+3).
   It affects your willpower, your defense against some magical effects.
 r - the ring of Rasask {rC+ rN+ Int+6}
   (You found it in a treasure trove)

   [ring of intelligence]

   It affects your intelligence (+6).
   It protects you from cold.
   It protects you from negative energy.
 t - the ring "Yrafet" {rF+ rCorr Dex+5}
   (You took it off a deep elf mage on level 3 of the Elven Halls)

   [ring of resist corrosion]

   It affects your dexterity (+5).
   It protects you from fire.
   It provides partial protection from all sources of acid and corrosion.
 u - the ring "Dorriu" {rC+ Int+2 SInv}
   (You found it in a treasure trove)

   [ring of protection from cold]

   It affects your intelligence (+2).
   It protects you from cold.
   It lets you see invisible.
 T - an amulet of faith (around neck)
Wands
 m - a wand of digging (8)
 v - a wand of paralysis (49)
 w - a wand of disintegration (36)
 E - a wand of flame (92)
 K - a wand of iceblast (89)
 M - a wand of polymorph (35)
 Z - a wand of acid (20)
Scrolls
 c - 28 scrolls of remove curse
 e - 23 scrolls of identify
 f - 6 scrolls of blinking
 n - 20 scrolls of teleportation
 q - 13 scrolls of fog
 B - 8 scrolls of fear
 D - 9 scrolls of holy word
 H - 8 scrolls of silence
 U - 5 scrolls of magic mapping
Potions
 d - 10 potions of might
 g - 5 potions of heal wounds
 o - 22 potions of curing
 p - 3 potions of haste
 x - 6 potions of cancellation
 F - 4 potions of flight
 O - 3 potions of invisibility
 Y - 4 potions of resistance
Miscellaneous
 s - a phantom mirror
 y - a phial of floods
 A - a condenser vane
 P - a box of beasts


   Skills:
 O Level 27 Fighting
 - Level 20.0 Axes
 * Level 21.6 Throwing
 - Level 22.0 Armour
 - Level 22.0 Dodging
 - Level 22.0 Shields
 - Level 9.0 Invocations
 - Level 15.0 Evocations


You had 26 spell levels left.
You didn't know any spells.
Your spell library contained the following spells:

 Spells                   Type           Power        Failure   Level
 Apportation              Tloc           0%           56%         1
 Beastly Appendage        Tmut           0%           56%         1
 Corona                   Hex            0%           56%         1
 Foxfire                  Conj/Fire      0%           56%         1
 Freeze                   Ice            0%           56%         1
 Magic Dart               Conj           0%           56%         1
 Sandblast                Erth           0%           56%         1
 Shock                    Conj/Air       0%           56%         1
 Blink                    Tloc           N/A          69%         2
 Call Imp                 Summ           0%           69%         2
 Ensorcelled Hibernation  Hex/Ice        0%           69%         2
 Passwall                 Tmut/Erth      0%           69%         2
 Poisonous Vapours        Pois/Air       0%           69%         2
 Slow                     Hex            0%           69%         2
 Wereblood                Tmut           0%           69%         2
 Confusing Touch          Hex            0%           89%         3
 Conjure Flame            Conj/Fire      0%           89%         3
 Dazzling Flash           Conj/Hex       0%           89%         3
 Frozen Ramparts          Ice            0%           89%         3
 Gell's Gravitas          Tloc           0%           89%         3
 Ignite Poison            Fire/Tmut/Pois 0%           89%         3
 Inner Flame              Hex/Fire       0%           89%         3
 Lesser Beckoning         Tloc           0%           89%         3
 Mephitic Cloud           Conj/Pois/Air  0%           89%         3
 Ozocubu's Armour         Ice            0%           89%         3
 Portal Projectile        Hex/Tloc       0%           89%         3
 Spider Form              Tmut/Pois      0%           89%         3
 Static Discharge         Conj/Air       0%           89%         3
 Stone Arrow              Conj/Erth      0%           89%         3
 Teleport Other           Tloc           0%           89%         3
 Tukima's Dance           Hex            0%           89%         3
 Animate Dead             Necr           0%           99%         4
 Cause Fear               Hex            0%           99%         4
 Hailstorm                Conj/Ice       0%           99%         4
 Ice Form                 Ice/Tmut       0%           99%         4
 Iskenderun's Mystic Bla  Conj/Tloc      0%           99%         4
 Leda's Liquefaction      Hex/Erth       0%           99%         4
 Passage of Golubria      Tloc           N/A          99%         4
 Petrify                  Tmut/Erth      0%           99%         4
 Sticky Flame             Conj/Fire      0%           99%         4
 Summon Ice Beast         Ice/Summ       0%           99%         4
 Summon Lightning Spire   Summ/Air       0%           99%         4
 Alistair's Intoxication  Tmut/Pois      0%           100%        5
 Blade Hands              Tmut           0%           100%        5
 Bolt of Magma            Conj/Fire/Erth 0%           100%        5
 Borgnjor's Vile Clutch   Necr/Erth      0%           100%        5
 Fireball                 Conj/Fire      0%           100%        5
 Lee's Rapid Deconstruct  Erth           0%           100%        5
 Lightning Bolt           Conj/Air       0%           100%        5
 Metabolic Englaciation   Hex/Ice        0%           100%        5
 Silence                  Hex/Air        0%           100%        5
 Summon Demon             Summ           0%           100%        5
 Summon Forest            Summ/Tloc      0%           100%        5
 Summon Mana Viper        Hex/Summ       0%           100%        5
 Yara's Violent Unravell  Hex/Tmut       0%           100%        5
 Conjure Ball Lightning   Conj/Air       0%           100%        6
 Death Channel            Necr           0%           100%        6
 Eringya's Noxious Bog    Tmut/Pois      0%           100%        6
 Freezing Cloud           Conj/Ice/Air   0%           100%        6
 Invisibility             Hex            0%           100%        6
 Shadow Creatures         Summ           N/A          100%        6
 Simulacrum               Ice/Necr       0%           100%        6
 Summon Hydra             Summ           0%           100%        7
 Discord                  Hex            0%           100%        8
 Ignition                 Fire           0%           100%        8
 Shatter                  Erth           0%           100%        9
 Tornado                  Air            0%           100%        9


Dungeon Overview and Level Annotations

Branches:
Dungeon (15/15)            Temple (1/1) D:6            Lair (6/6) D:8
  Swamp (4/4) Lair:4       Spider (4/4) Lair:4        Slime (0/5) Lair:5
    Orc (2/2) D:12            Elf (3/3) Orc:2        Vaults (5/5) D:14
  Crypt (1/3) Vaults:3     Depths (5/5) D:15            Zot (5/5) Depths:5
  Sewer (visited)           IceCv (visited)          WizLab (visited)
Gauntlet (visited)

Altars:
Ashenzari
Cheibriados
Dithmenos
Elyvilon
Fedhas
Gozag
Hepliaklqana
Kikubaaqudgha
Makhleb
Nemelex Xobeh
Okawaru
Qazlal
Ru
Sif Muna
Trog
Uskayaw
Vehumet
Wu Jian
Xom
Yredelemnul
Zin
The Shining One
Beogh
Jiyva
Lugonu

Shops:
D:12 [   Orc:2 [?}!*   Elf:1 :   Elf:2 :   Elf:3 [   Vaults:1 [   Vaults:2 *
Vaults:5 [   Depths:3 }(}?}   Depths:5 =

Portals:
Hell: Depths:1 Depths:2 Depths:3 Depths:4 Depths:5
Abyss: Spider:4 Depths:4
Pandemonium: Depths:1 Depths:2 Depths:3 Depths:4
Ziggurat: Depths:1

Annotations:
D:3 3 runed translucent doors, Sapher's ghost, weakling TrIE; chickendinner's ghost, amateur MiBe
Lair:2 exclusion: oklob plant
Swamp:4 exclusion: oklob plant
Elf:2 5 runed translucent doors
Elf:3 exclusion: orange crystal statue
Depths:3 1 runed translucent door
Zot:5 exclusions: obsidian statue and upstairs


Innate Abilities, Weirdness & Mutations

You reflexively headbutt those who attack you in melee.
You have a pair of horns on your head.
You are clumsy. (Dex -2)
Your magical capacity is low. (-10% MP)


Message History

You slice the hell hound!!
You kill the hell hound!
Okawaru accepts your kill.
(D) Dungeon (T) Temple (L) Lair (S) Swamp (N) Spider Nest (M) Slime Pits (O) Orcish Mines (E) Elven Halls (V) Vaults (C) Crypt (U) Depths (H) Hell (Z) Zot
Where to? (Enter - D:1 @ (x,y), ? - help)
What level of the Dungeon? (default 1, ? - help)
There is a stone staircase leading up here.
You climb upwards.
There is a stone staircase leading down here.
There is a stone staircase leading down here.
There is a stone staircase leading up here.
You climb upwards.
There is a stone staircase leading down here.
You enter the shallow water.
Moving in this stuff is going to be slow.
There is a staircase leading out of the dungeon here.
You have escaped!

.#...................# ###.#.....
.#...#...#######.#######...#.#.#.
.#...#.....####...####.....#.#.#.
.###.#.#...).#.[≈..#.....#.#.###.
.......#8..≈....≈....≈..8#.#.....
...#.#.##...≈..≈≈≈..≈...##.######
####.#.#.....≈≈≈≈≈≈≈.....#.#
#.#.....≈≈≈≈...≈≈≈≈.....#
#.#...≈≈≈≈≈..@..≈≈≈≈≈...#
#.#.....≈≈≈≈...≈≈≈≈.....#
#.#.#.....≈≈≈≈≈≈≈.....#.#
####.#.##...≈..≈≈≈..≈...##.#
.....#.#8..≈....≈....≈..8#.#
...###.#.....#..≈..#.....#.# ...#
#.....####...####.....# ...#
#...#######.#######...# ...#
#...........).........#


There were no monsters in sight!

Vanquished Creatures
  Mara (Swamp:3)
  3 orbs of fire
  Mennas (Vaults:4)
  6 ancient liches (Zot:5)
  A juggernaut (Depths:3)
  A royal mummy (WizLab)
  Boris (thrice) (Vaults:2 Depths:3 Vaults:5)
  Saint Roka (Vaults:1)
  12 Killer Klowns
  A caustic shrike (Depths:4)
  3 curse toes
  11 golden dragons
  Nikola (Spider:2)
  2 bone dragons
  Arachne (Spider:3)
  3 electric golems
  22 tentacled monstrosities
  27 Orb Guardians
  5 liches
  7 titans
  Rupert (Lair:6)
  9 quicksilver dragons
  2 deep elf blademasters (Elf:3)
  2 deep elf master archers (Elf:3)
  Kirke (Lair:6)
  5 death cobs
  8 sphinxes
  Gastronok (D:9)
  An ancient champion (Crypt:1)
  17 shadow dragons
  12 storm dragons
  7 tengu reavers
  6 draconian monks
  A thorn hunter (Swamp:3)
  Donald (Vaults:2)
  Roxanne (Spider:2)
  3 revenants (Crypt:1)
  14 frost giants
  9 fire giants
  2 orc warlords
  8 draconian scorchers
  A fenstrider witch (Swamp:1)
  8 draconian knights
  3 emperor scorpions
  3 iron dragons (Vaults:5)
  11 ghost moths
  10 vault wardens
  13 deep elf sorcerers
  2 balrugs (Depths:1)
  Aizul (Vaults:3)
  A juggernaut zombie (Depths:3)
  4 spriggan defenders
  7 draconian shifters
  8 draconian annihilators
  21 ironheart preservers
  2 deep elf elementalists
  4 draconian stormcallers
  20 stone giants
  17 very ugly things
  7 vampire knights
  3 war gargoyles (Vaults:5)
  15 green draconians
  15 black draconians
  10 deep elf demonologists
  5 entropy weavers
  14 deep elf annihilators
  17 purple draconians
  13 yellow draconians
  4 bunyips
  11 red draconians
  4 spark wasps
  A minotaur (Gauntlet)
  3 white draconians
  2 eidola
  A mummy priest (WizLab)
  2 merfolk javelineers (Depths:4)
  2 blizzard demons
  Snorg (Orc:1)
  3 shambling mangroves (Swamp:3)
  13 ettins
  10 deep elf death magi
  A merfolk impaler (Depths:2)
  An eleionoma (Swamp:3)
  2 fire dragons (Depths:4)
  23 yaktaur captains
  4 rakshasas
  8 deep elf high priests
  18 ogre magi
  25 vault guards
  Erolcha (D:9)
  Harold (Lair:1)
  6 great orbs of eyes
  13 ice dragons
  3 spriggan air magi
  20 hydras
  4 catoblepae
  2 hell beasts
  5 death knights
  A hydra (shapeshifter) (Vaults:5)
  10 boulder beetles
  Erica (Lair:2)
  9 centaur warriors
  48 two-headed ogres
  A two-headed ogre (shapeshifter) (Depths:4)
  11 dancing weapons
  3 ghost crabs
  7 alligators
  9 deep troll shamans
  2 death scarabs (Gauntlet)
  13 death yaks
  A queen ant (Lair:6)
  Urug (Lair:1)
  9 orc high priests
  10 deep troll earth magi
  A vampire mage (Depths:1)
  7 hell knights (Depths:4)
  6 tengu warriors
  A spriggan berserker (Depths:4)
  Sonja (Lair:2)
  6 sun demons
  3 small abominations
  A fire crab (shapeshifter) (Vaults:5)
  7 iron trolls
  18 deep elf knights
  5 goliath frogs
  A shadow wraith (Vaults:4)
  Nergalle (Lair:2)
  2 golden dragon zombies (WizLab)
  13 skeletal warriors
  A spectral death yak (Gauntlet)
  2 unseen horrors
  3 glowing orange brains
  7 spriggan druids
  45 deep trolls
  4 flayed ghosts
  7 wizards
  15 ironbrand convokers
  9 swamp dragons
  12 phantasmal warriors
  16 deep elf archers
  6 bog bodies
  3 spectral hydras
  21 orb spiders
  3 tengu zombies
  2 necromancers
  18 orc knights
  73 deep elf magi
  A frost giant zombie (Crypt:1)
  30 wolf spiders
  An iron dragon zombie (WizLab)
  48 ugly things
  6 orc sorcerers
  4 manticores
  An oklob plant (Gauntlet)
  3 will-o-the-wisps
  5 cyclopes
  A stone giant zombie (WizLab)
  An elephant (shapeshifter) (Vaults:4)
  14 elephants
  33 moths of wrath
  A guardian serpent (shapeshifter) (Depths:1)
  A cyclops (shapeshifter) (Depths:4)
  A fire giant skeleton (Depths:3)
  11 black mambas
  2 ice statues (IceCv)
  8 centaur skeletons
  A water nymph (shapeshifter) (Vaults:4)
  A stone giant skeleton (Crypt:1)
  A demonspawn zombie (WizLab)
  14 vault sentinels
  A yaktaur zombie (WizLab)
  3 centaur zombies
  2 spriggan zombies (WizLab)
  2 rust devils
  10 cane toads
  2 orange demons (Depths:2)
  2 smoke demons
  5 torpor snails
  2 rime drakes (Lair:6)
  46 yaktaurs
  10 demonic crawlers
  14 komodo dragons
  A hellwing (Depths:4)
  3 hydra zombies (Swamp:4)
  9 ice devils
  An efreet (D:15)
  An elf skeleton (Depths:3)
  4 tengu conjurers
  4 freezing wraiths
  A wind drake (shapeshifter) (Vaults:1)
  31 jumping spiders
  10 tyrant leeches
  2 meliai (shapeshifter)
  A guardian mummy (WizLab)
  6 trolls
  2 death drake zombies (Swamp:4)
  Grinder (D:2)
  31 hornets
  A polar bear (shapeshifter) (Elf:1)
  3 polar bears
  2 deep troll zombies (WizLab)
  A hydra skeleton (Swamp:4)
  A human simulacrum (Vaults:2)
  A slime creature (shapeshifter) (Depths:3)
  19 blink frogs
  15 slime creatures
  4 air elementals
  4 shadows
  A spectral black mamba (Gauntlet)
  2 ynoxinuls (Depths:2)
  3 wyverns
  57 redbacks
  18 spriggans
  A redback (shapeshifter) (Depths:1)
  12 water elementals
  4 basilisks
  5 fire elementals
  5 wraiths
  21 tarantellas
  68 yaks
  A vampire (D:14)
  A golden eye (shapeshifter) (Elf:1)
  Grum (D:9)
  3 hogs (Lair:6)
  A chaos spawn (Depths:2)
  13 vampire mosquitoes
  An ogre zombie (WizLab)
  A spectral cane toad (Gauntlet)
  7 wargs
  19 swamp worms
  2 water moccasins (shapeshifter)
  A monstrous demonspawn zombie (WizLab)
  17 water moccasins
  5 acid dragons
  4 hell hounds (D:3)
  5 soldier ants
  3 hydra simulacra (Swamp:4)
  2 floating eyes
  4 swamp drakes
  2 ice beasts
  A boulder beetle simulacrum (Vaults:1)
  A spectral torpor snail (Gauntlet)
  3 sky beasts
  A swamp dragon zombie (Swamp:4)
  An eye of draining (D:15)
  A tengu (shapeshifter) (Vaults:4)
  2 black bears (shapeshifter)
  4 black bears
  68 orc warriors
  13 wolves
  2 phantoms
  65 ogres
  A blink frog skeleton (Crypt:1)
  4 boggarts
  14 centaurs
  3 swamp dragon skeletons (Swamp:4)
  A human zombie (WizLab)
  A big kobold (D:12)
  21 bullfrogs
  4 earth elementals
  A cane toad simulacrum (Gauntlet)
  6 scorpions
  10 killer bees
  13 wights
  5 electric eels
  10 howler monkeys
  8 crimson imps
  5 bullfrog zombies
  5 quasits
  2 jellies
  11 hounds
  47 orc priests
  7 iguanas
  5 hell rats
  39 orc wizards
  17 worker ants
  2 bullfrog simulacra (Gauntlet)
  2 centaur simulacra (Gauntlet)
  A dwarf skeleton (Crypt:1)
  2 hound skeletons (D:6)
  A howler monkey zombie (D:4)
  13 gnolls
  15 adders
  A shadow imp (D:10)
  29 white imps
  An ooze (D:3)
  11 ufetubi
  2 adder skeletons
  An adder zombie (D:6)
  A worm (shapeshifter) (Vaults:2)
  5 worms
  2 dart slugs
  7 leopard geckos
  130 orcs
  12 giant cockroaches
  5 goblins
  6 hobgoblins
  8 jackals
  6 quokkas
  3 ball pythons
  4 bats
  4 frilled lizards
  11 kobolds
  A leopard gecko zombie (Crypt:1)
  2 rats (D:2)
  4 crawling corpses
  A lurking horror (Spider:4)
2540 creatures vanquished.

Vanquished Creatures (others)
  A reaper (IceCv)
  An orb spider (Spider:1)
  5 bloated husks
  A blink frog (Lair:6)
  A water elemental (Elf:3)
  4 humans (Lair:6)
  A water moccasin (Lair:6)
  6 white imps (IceCv)
  3 ufetubi (IceCv)
  A bush (Lair:1)
  6 foxfires
  59 fungi
  117 plants
  4 withered plants (Gauntlet)
210 creatures vanquished.

Grand Total: 2750 creatures vanquished

Notes
Turn   | Place    | Note
-------+----------+-------------------------------------------
     0 | D:1      | RogerS the Minotaur Fighter began the quest for the Orb.
     0 | D:1      | Reached XP level 1. HP: 19/19 MP: 0/0
   431 | D:1      | Reached XP level 2. HP: 24/27 MP: 1/1
  1130 | D:2      | Reached skill level 4 in Fighting
  1138 | D:2      | Reached XP level 3. HP: 33/33 MP: 2/2
  1167 | D:2      | Found a faded altar of an unknown god.
  1580 | D:2      | Reached XP level 4. HP: 40/40 MP: 3/3
  1722 | D:2      | Noticed a bullfrog
  1726 | D:2      | Killed a bullfrog
  1807 | D:2      | Reached XP level 5. HP: 47/47 MP: 4/4
  2247 | D:3      | Noticed Grinder
  2297 | D:3      | Paralysed by Grinder for 5 turns
  2306 | D:2      | Paralysed by Grinder for 5 turns
  2324 | D:2      | Killed Grinder
  2325 | D:2      | Reached skill level 5 in Fighting
  2325 | D:2      | Reached skill level 5 in Axes
  2325 | D:2      | Reached skill level 5 in Armour
  2325 | D:2      | Reached skill level 5 in Shields
  2325 | D:2      | Reached XP level 6. HP: 21/56 MP: 5/5
  2761 | D:3      | Found a runed translucent gate.
  2761 | D:3      | Found a runed translucent gate.
  2761 | D:3      | Found a runed translucent gate.
  2762 | D:3      | Noticed chickendinner's ghost (amateur MiBe)
  2763 | D:3      | Noticed Sapher's ghost (weakling TrIE)
  3129 | D:3      | Found a hazy altar of Hepliaklqana.
  3130 | D:3      | Found a shimmering altar of Xom.
  3131 | D:3      | Noticed a spectral ugly thing
  3422 | D:4      | Found an iron altar of Okawaru.
  3427 | D:4      | Became a worshipper of Warmaster Okawaru
  3676 | D:4      | Reached XP level 7. HP: 56/61 MP: 6/6
  4345 | D:4      | Reached * piety under Okawaru
  4542 | D:5      | Entered Level 5 of the Dungeon
  4666 | D:5      | Reached skill level 6 in Fighting
  4713 | D:5      | Reached skill level 1 in Invocations
  4726 | D:5      | Found a glowing drain.
  4730 | D:5      | Reached XP level 8. HP: 66/70 MP: 7/7
  4741 | Sewer    | Entered a sewer
  5338 | D:5      | Reached ** piety under Okawaru
  6127 | D:6      | Found a bloodstained altar of Trog.
  6127 | D:6      | Found a sparkling altar of Nemelex Xobeh.
  6441 | D:6      | Found a staircase to the Ecumenical Temple.
  6460 | Temple   | Entered the Ecumenical Temple
  6757 | D:6      | Reached skill level 7 in Fighting
  7121 | D:7      | Reached XP level 9. HP: 79/79 MP: 10/10
  7142 | D:7      | Reached *** piety under Okawaru
  7668 | D:7      | Found an ornate altar of the Wu Jian Council.
  7949 | D:8      | Found a snail-covered altar of Cheibriados.
  8087 | D:8      | Noticed a two-headed ogre
  8126 | D:8      | Killed a two-headed ogre
  8126 | D:8      | Reached **** piety under Okawaru
  8127 | D:8      | Reached skill level 10 in Axes
  8190 | D:8      | Reached skill level 8 in Fighting
  8626 | D:8      | Found a staircase to the Lair.
  8863 | D:8      | Reached XP level 10. HP: 88/88 MP: 12/12
  9730 | D:8      | Reached skill level 5 in Invocations
 10201 | D:9      | Reached ***** piety under Okawaru
 10425 | D:9      | Noticed Grum
 10449 | D:9      | Killed Grum
 10843 | D:9      | Noticed a two-headed ogre
 10860 | D:9      | Killed a two-headed ogre
 10861 | D:9      | Reached skill level 9 in Fighting
 11025 | D:9      | Noticed Gastronok
 11025 | D:9      | Noticed Erolcha
 11041 | D:9      | Killed Erolcha
 11061 | D:9      | Killed Gastronok
 11061 | D:9      | Received a gift from Okawaru
 11062 | D:9      | Reached XP level 11. HP: 97/97 MP: 8/15
 11356 | D:10     | Entered Level 10 of the Dungeon
 11459 | D:10     | Found a sparkling altar of Nemelex Xobeh.
 11489 | D:10     | Noticed a five-headed hydra
 11690 | D:10     | Killed a five-headed hydra
 12547 | D:11     | Noticed a seven-headed hydra
 12579 | D:11     | Killed a seven-headed hydra
 13978 | D:12     | Found Fiamoipo's Armour Shoppe.
 14048 | D:12     | Reached skill level 10 in Armour
 14055 | D:12     | Reached skill level 10 in Shields
 14114 | D:12     | Reached skill level 10 in Fighting
 14256 | D:12     | Noticed a white ugly thing
 14276 | D:12     | Killed a white ugly thing
 14281 | D:12     | Received a gift from Okawaru
 14498 | D:12     | Found a portal to a secret trove of treasure.
 14567 | D:12     | Found a staircase to the Orcish Mines.
 14877 | Lair:1   | Entered Level 1 of the Lair of Beasts
 15090 | Lair:1   | Reached XP level 12. HP: 98/106 MP: 17/17
 15255 | Lair:1   | Noticed Urug
 15269 | Lair:1   | Killed Urug
 15756 | Lair:1   | Received a gift from Okawaru
 16143 | Lair:1   | Reached skill level 1 in Dodging
 16337 | Lair:1   | Noticed Harold
 16349 | Lair:1   | Killed Harold
 16767 | Lair:2   | Noticed Nergalle
 16781 | Lair:2   | Killed Nergalle
 16782 | Lair:2   | Reached skill level 11 in Fighting
 17583 | Lair:2   | Noticed Erica
 17594 | Lair:2   | Killed Erica
 17594 | Lair:2   | Received a gift from Okawaru
 17693 | Lair:2   | Noticed Sonja
 18746 | Lair:2   | Killed Sonja
 18747 | Lair:2   | Reached skill level 5 in Dodging
 18806 | Lair:3   | Noticed a catoblepas
 18927 | Lair:3   | Reached XP level 13. HP: 116/116 MP: 18/18
 19053 | Lair:3   | Reached skill level 15 in Axes
 19234 | Lair:3   | Got an emerald-encrusted chain mail
 19245 | Lair:3   | Identified the +3 chain mail of a volcano {Int+4} (You
                  | found it on level 3 of the Lair of Beasts)
 19946 | Lair:3   | Reached skill level 1 in Throwing
 20294 | Lair:4   | Found a staircase to the Swamp.
 20422 | Lair:4   | Found a hole to the Spider Nest.
 20857 | Lair:4   | Reached ****** piety under Okawaru
 20954 | Lair:4   | Reached skill level 12 in Fighting
 21552 | Lair:5   | Found the ring of the Mage {Wiz Will++ Int+3}
 21655 | Lair:5   | Received a gift from Okawaru
 21855 | Lair:5   | Reached XP level 14. HP: 121/126 MP: 19/19
 21897 | Lair:5   | Found a viscous altar of Jiyva.
 21899 | Lair:5   | Found a staircase to the Slime Pits.
 22357 | Lair:5   | Received a gift from Okawaru
 22438 | Lair:5   | Got a crystal executioner's axe {god gift}
 22439 | Lair:5   | Identified the +8 executioner's axe of Conscience {spect,
                  | +Fly rN+ Stlth+} (Okawaru gifted it to you on level 5 of
                  | the Lair of Beasts)
 22662 | Lair:6   | Entered Level 6 of the Lair of Beasts
 22975 | Lair:6   | Noticed Kirke
 22995 | Lair:6   | Killed Kirke
 23157 | Lair:6   | Noticed Rupert
 23174 | Lair:6   | Killed Rupert
 23203 | Lair:6   | Received a gift from Okawaru
 24071 | Lair:6   | Reached skill level 10 in Dodging
 24577 | Lair:6   | Reached XP level 15. HP: 129/134 MP: 20/20
 24880 | Lair:5   | Reached skill level 13 in Fighting
 25092 | Orc:1    | Entered Level 1 of the Orcish Mines
 25158 | Orc:1    | You fall into a shaft and drop 1 floor!
 25158 | Orc:2    | Entered Level 2 of the Orcish Mines
 25162 | Orc:2    | Found a burning altar of Makhleb.
 25424 | Orc:1    | Noticed an orc warlord
 25450 | Orc:1    | Killed an orc warlord
 25450 | Orc:1    | Received a gift from Okawaru
 25713 | Orc:1    | Received a gift from Okawaru
 25773 | Orc:1    | Noticed Snorg
 25783 | Orc:1    | Killed Snorg
 26263 | Orc:1    | Found a roughly hewn altar of Beogh.
 26562 | Orc:2    | Found Bauniv's Distillery.
 26588 | Orc:2    | Received a gift from Okawaru
 26875 | Orc:2    | Found Hiduman's Gadget Shoppe.
 26963 | Orc:2    | Found Boynnebb's Antique Armour Shop.
 26964 | Orc:2    | Found Leirphiwea's Magic Scroll Shoppe.
 26973 | Orc:2    | Bought a scroll of remove curse for 33 gold pieces
 26973 | Orc:2    | Bought a scroll of remove curse for 33 gold pieces
 26973 | Orc:2    | Bought a scroll of identify for 22 gold pieces
 26973 | Orc:2    | Bought a scroll of remove curse for 33 gold pieces
 26973 | Orc:2    | Bought a scroll of identify for 22 gold pieces
 26973 | Orc:2    | Bought a scroll of identify for 22 gold pieces
 26973 | Orc:2    | Bought a scroll of fear for 38 gold pieces
 26973 | Orc:2    | Bought a scroll of acquirement for 572 gold pieces
 26973 | Orc:2    | Bought a scroll of identify for 22 gold pieces
 26973 | Orc:2    | Acquired 755 gold pieces
 26975 | Orc:2    | Bought a scroll of acquirement for 572 gold pieces
 26975 | Orc:2    | Acquired a manual of Shields
 27019 | Orc:2    | Bought a pair of embroidered gloves for 247 gold pieces
 27053 | Orc:2    | Bought 2 potions of resistance for 320 gold pieces
 27464 | Orc:2    | Found a staircase to the Elven Halls.
 27471 | Orc:2    | Found Jegris's General Store.
 28687 | D:14     | Found a frozen archway.
 28738 | IceCv    | Entered an ice cave
 29149 | IceCv    | Got a shimmering dagger
 29457 | D:14     | Received a gift from Okawaru
 30286 | D:14     | Received a gift from Okawaru
 30296 | D:14     | Found a gate to the Vaults.
 30969 | D:15     | Entered Level 15 of the Dungeon
 31042 | D:15     | Reached skill level 15 in Shields
 31133 | D:15     | Received a gift from Okawaru
 31299 | D:15     | Reached XP level 16. HP: 145/145 MP: 21/21
 31319 | D:15     | Found a staircase to the Depths.
 31370 | D:15     | Found a gate leading to a gauntlet.
 31409 | Gauntlet | Entered a Gauntlet
 31409 | Gauntlet | Found a transporter.
 31409 | Gauntlet | Found a transporter.
 31411 | Gauntlet | Found a transporter.
 31411 | Gauntlet | Found a transporter.
 31414 | Gauntlet | Found a transporter.
 31448 | Gauntlet | Found a transporter.
 31451 | Gauntlet | Found a transporter.
 31451 | Gauntlet | Found a transporter.
 31466 | Gauntlet | Found a transporter.
 31496 | Gauntlet | Found a transporter.
 31505 | Gauntlet | Found a transporter.
 31509 | Gauntlet | Found a runed translucent door.
 31518 | Gauntlet | Found a transporter.
 31564 | Gauntlet | Found a transporter.
 31660 | Gauntlet | Found a transporter.
 31745 | Gauntlet | Got a coiled bone ring
 31807 | Gauntlet | Got a pair of crude gloves
 31818 | Gauntlet | Identified the +0 pair of gloves "Dongutuj" {Harm Int+4
                  | Dex+4 Stlth-} (You found it in a Gauntlet)
 31878 | Gauntlet | Identified the Reference Book on Feathers
 31899 | D:15     | Identified the ring "Sic Lasu" {EV+4 Str+4} (You found it
                  | in a Gauntlet)
 31994 | D:15     | Reached skill level 14 in Fighting
 33184 | Swamp:1  | Entered Level 1 of the Swamp
 33667 | Swamp:1  | Received a gift from Okawaru
 34163 | Swamp:1  | Received a gift from Okawaru
 34164 | Swamp:1  | Got a crude plate armour {god gift}
 34175 | Swamp:1  | Identified the +6 plate armour of Midwinter {rPois Slay+2
                  | Stlth+} (Okawaru gifted it to you on level 1 of the Swamp)
 35941 | Swamp:2  | Identified the Collected Works on Confrontation
 36669 | Swamp:2  | Received a gift from Okawaru
 37385 | Swamp:2  | Reached XP level 17. HP: 147/152 MP: 22/22
 37688 | Swamp:4  | Entered Level 4 of the Swamp
 37752 | Swamp:4  | Noticed Mara
 37796 | Swamp:4  | Noticed RogerS's illusion
 37812 | Swamp:3  | Killed Mara
 37812 | Swamp:3  | Received a gift from Okawaru
 37813 | Swamp:3  | Reached skill level 15 in Armour
 38642 | Swamp:3  | Received a gift from Okawaru
 39795 | Swamp:4  | Received a gift from Okawaru
 40667 | Swamp:4  | Found a basalt altar of Yredelemnul.
 40683 | Swamp:4  | Got a decaying rune of Zot
 40710 | Swamp:4  | Found a blossoming altar of Fedhas.
 41067 | Spider:1 | Entered Level 1 of the Spider Nest
 41165 | Lair:4   | Reached skill level 15 in Fighting
 42277 | Spider:2 | Received a gift from Okawaru
 42278 | Spider:2 | Got a crystal hand axe {god gift}
 42279 | Spider:2 | Identified the +5 hand axe "Qongang" {vorpal, Fragile rElec
                  | rPois Int+3} (Okawaru gifted it to you on level 2 of the
                  | Spider Nest)
 42732 | Spider:2 | Noticed Roxanne
 42967 | Spider:2 | Noticed Nikola
 42985 | Spider:2 | Killed Nikola
 43627 | Spider:3 | Reached XP level 18. HP: 151/166 MP: 1/23
 43839 | Spider:2 | Killed Roxanne
 44065 | Spider:3 | Reached skill level 5 in Throwing
 44649 | Spider:3 | Noticed Arachne
 44666 | Spider:3 | Killed Arachne
 44666 | Spider:3 | Received a gift from Okawaru
 44678 | Spider:3 | Identified a +0 pair of boots of running (Okawaru gifted it
                  | to you on level 3 of the Spider Nest)
 45359 | Spider:4 | Entered Level 4 of the Spider Nest
 45519 | Spider:3 | Reached skill level 16 in Fighting
 46168 | Spider:4 | Reached skill level 1 in Evocations
 46951 | Spider:4 | Found a corrupted altar of Lugonu.
 46956 | Spider:4 | Found a one-way gate to the infinite horrors of the Abyss.
 47173 | Spider:4 | Received a gift from Okawaru
 47818 | Spider:4 | Reached skill level 17 in Fighting
 48206 | Spider:4 | Got a gossamer rune of Zot
 48623 | Vaults:1 | Entered Level 1 of the Vaults
 48837 | Vaults:1 | Noticed Saint Roka
 49058 | Vaults:1 | Killed Saint Roka
 49354 | Vaults:1 | Received a gift from Okawaru
 49355 | Vaults:1 | Got an ancient broad axe {god gift}
 49370 | D:14     | Identified the +3 broad axe of Dung {flame, rPois Will-
                  | Int+4 Dex+10} (Okawaru gifted it to you on level 1 of the
                  | Vaults)
 49874 | Vaults:1 | Reached XP level 19. HP: 177/177 MP: 24/24
 50677 | D:14     | Received a gift from Okawaru
 50870 | Vaults:1 | Found Ecuf's Antique Armour Boutique.
 51128 | Vaults:1 | Reached skill level 18 in Fighting
 51130 | Vaults:1 | Received a gift from Okawaru
 51640 | Vaults:1 | Reached skill level 5 in Evocations
 52163 | Vaults:2 | Noticed Donald
 52167 | Vaults:1 | Received a gift from Okawaru
 52343 | Vaults:2 | Killed Donald
 52813 | Vaults:2 | Noticed Boris
 52834 | Vaults:2 | Killed Boris
 52965 | Vaults:2 | Got a warped platinum ring
 52967 | Vaults:2 | Identified the ring of Obsession {rF+ Dex+10 SInv} (You
                  | found it on level 2 of the Vaults)
 53685 | Vaults:2 | Found Katyin's Assorted Antiques.
 54136 | Vaults:3 | Reached skill level 19 in Fighting
 54558 | Vaults:3 | Received a gift from Okawaru
 54559 | Vaults:3 | Got a crystal executioner's axe {god gift}
 55103 | Vaults:3 | Noticed Aizul
 55113 | Vaults:3 | Killed Aizul
 55117 | Vaults:3 | Reached XP level 20. HP: 189/191 MP: 25/25
 55526 | Vaults:3 | Found a staircase to the Crypt.
 56192 | Vaults:3 | Received a gift from Okawaru
 56301 | Vaults:4 | Reached skill level 15 in Dodging
 56488 | Vaults:4 | Noticed Mennas
 56519 | Vaults:4 | Killed Mennas
 56519 | Vaults:4 | Received a gift from Okawaru
 56524 | Vaults:4 | Reached skill level 20 in Fighting
 57193 | Vaults:4 | Received a gift from Okawaru
 57360 | Vaults:4 | Received a gift from Okawaru
 57361 | Vaults:4 | Got a brightly glowing broad axe {god gift}
 57374 | Vaults:4 | Identified the +11 broad axe "Zaisot" {venom, rElec Str-2
                  | Int+4} (Okawaru gifted it to you on level 4 of the Vaults)
 58325 | D:12     | You paid a toll of +3 shadow dragon scales to enter a
                  | treasure trove
 58326 | Trove    | Entered a treasure trove
 58340 | Trove    | Got a wavering golden ring
 58342 | Trove    | Got a transparent emerald amulet
 58344 | Trove    | Got a crude silver ring
 58346 | Trove    | Got a scintillating silver ring
 58350 | Trove    | Got a clouded lead ring
 58352 | Trove    | Got a bound pewter ring
 58371 | D:12     | Identified the amulet of Starshine {+Blink Regen+ Str-5
                  | Dex+3} (You found it in a treasure trove)
 58378 | D:12     | Identified the ring of Rasask {rC+ rN+ Int+6} (You found it
                  | in a treasure trove)
 58380 | D:12     | Identified the ring of Mirth {MP+9 Str+3 Int+4 Slay+3} (You
                  | found it in a treasure trove)
 58382 | D:12     | Identified the ring "Dorriu" {rC+ Int+2 SInv} (You found it
                  | in a treasure trove)
 58386 | D:12     | Identified the ring "Xietseokh" {*Drain rPois Will+ Int+7
                  | Slay+4} (You found it in a treasure trove)
 58388 | D:12     | Identified the ring "Reimn" {rPois Will+} (You found it in
                  | a treasure trove)
 58466 | Elf:1    | Entered Level 1 of the Elven Halls
 58467 | Elf:1    | Found Ramap's One-of-a-Kind Books.
 58727 | Elf:1    | Received a gift from Okawaru
 59122 | Elf:1    | Received a gift from Okawaru
 59435 | Elf:1    | Reached skill level 21 in Fighting
 60182 | Elf:2    | Got a sparkling garnet amulet
 60184 | Elf:2    | Identified the amulet of Happiness {Inacc rF+ Str+2 Int+3}
                  | (You found it on level 2 of the Elven Halls)
 60253 | Elf:2    | Reached XP level 21. HP: 194/204 MP: 26/26
 60306 | Elf:2    | Received a gift from Okawaru
 60469 | Elf:2    | Found Wyas's Book Boutique.
 60849 | Elf:2    | Found a huge runed translucent gate.
 60849 | Elf:2    | Found a huge runed translucent gate.
 60849 | Elf:2    | Found a huge runed translucent gate.
 60850 | Elf:2    | Found a huge runed translucent gate.
 60851 | Elf:2    | Found a huge runed translucent gate.
 61052 | Depths:1 | Entered Level 1 of the Depths
 61656 | Depths:1 | Found a gateway to a ziggurat.
 62289 | Depths:1 | Received a gift from Okawaru
 62294 | Depths:1 | Reached skill level 22 in Fighting
 62630 | Depths:1 | Found a one-way gate leading to the halls of Pandemonium.
 62711 | Depths:1 | Found a gateway to Hell.
 62821 | Depths:1 | Identified the Handbook of the Rocks
 63207 | Depths:2 | Found a flickering gateway to a bazaar.
 63228 | Bazaar   | Entered a bazaar
 63232 | Bazaar   | Found Iczez's Jewellery Boutique.
 63250 | Bazaar   | Found Siloh's Armour Emporium.
 63267 | Bazaar   | Found Ceakloyreo's Magic Scroll Boutique.
 63272 | Bazaar   | Bought a scroll of remove curse for 30 gold pieces
 63272 | Bazaar   | Bought a scroll of identify for 20 gold pieces
 63272 | Bazaar   | Bought a scroll of remove curse for 30 gold pieces
 63272 | Bazaar   | Bought a scroll of teleportation for 30 gold pieces
 63272 | Bazaar   | Bought a scroll of remove curse for 30 gold pieces
 63272 | Bazaar   | Bought a scroll of remove curse for 30 gold pieces
 63272 | Bazaar   | Bought a scroll of blinking for 75 gold pieces
 63284 | Bazaar   | Found Epsepeon's Antique Weapon Shoppe.
 63321 | Bazaar   | Bought a scorched broad axe for 288 gold pieces
 63336 | Bazaar   | Bought a scroll of silence for 75 gold pieces
 63341 | Bazaar   | Identified the +10 broad axe "Wut Zyi" {speed, rC+ Dex+2}
                  | (You bought it in a shop in a bazaar)
 63507 | Depths:2 | Found a sparkling altar of Nemelex Xobeh.
 63877 | Depths:2 | You fall into a shaft and drop 2 floors!
 63913 | Depths:4 | Found a magical portal.
 63935 | WizLab   | Entered Doroklohe's Tomb
 64267 | WizLab   | Noticed a royal mummy
 64281 | WizLab   | Killed a royal mummy
 64871 | Depths:4 | Received a gift from Okawaru
 65032 | Depths:4 | Received a gift from Okawaru
 65145 | Depths:3 | Reached XP level 22. HP: 196/217 MP: 27/27
 65418 | Depths:3 | Noticed Boris
 65505 | Depths:3 | Killed Boris
 65520 | Depths:3 | Found Imum Xov's Gadget Emporium.
 66333 | Depths:3 | Found Zeitups's Gadget Shoppe.
 66456 | Depths:3 | Found Nepseyn's Magic Scroll Boutique.
 66464 | Depths:3 | Bought a scroll of identify for 22 gold pieces
 66464 | Depths:3 | Bought a scroll of magic mapping for 38 gold pieces
 66464 | Depths:3 | Bought a scroll of identify for 22 gold pieces
 66464 | Depths:3 | Bought a scroll of teleportation for 33 gold pieces
 66464 | Depths:3 | Bought a scroll of identify for 22 gold pieces
 66464 | Depths:3 | Bought a scroll of teleportation for 33 gold pieces
 66464 | Depths:3 | Bought a scroll of identify for 22 gold pieces
 66464 | Depths:3 | Bought a scroll of teleportation for 33 gold pieces
 66602 | Depths:3 | Found Deqeosouz's Gadget Shoppe.
 66906 | Depths:3 | Received a gift from Okawaru
 67038 | Depths:3 | Found a runed translucent door.
 67124 | Depths:3 | Received a gift from Okawaru
 67150 | Depths:3 | Found Waud's Antique Weapon Emporium.
 67319 | Depths:3 | Found a runed translucent door.
 67329 | Depths:3 | Paralysed by a floating eye for 4 turns
 67484 | Depths:3 | Noticed a golden dragon
 67484 | Depths:3 | Noticed a juggernaut
 67484 | Depths:3 | Identified the +7 war axe of Hacking and Slashing
                  | {antimagic, Int+3}
 67516 | Depths:3 | Killed a juggernaut
 67526 | Depths:3 | Killed a golden dragon
 67527 | Depths:3 | Reached skill level 23 in Fighting
 67536 | Depths:3 | Received a gift from Okawaru
 68922 | Depths:4 | Received a gift from Okawaru
 68923 | Depths:4 | Got a smoking trident {god gift}
 69444 | Depths:4 | Reached XP level 23. HP: 227/227 MP: 28/28
 69471 | Depths:4 | Noticed a caustic shrike
 69483 | Depths:4 | Killed a caustic shrike
 70086 | Depths:5 | Entered Level 5 of the Depths
 70303 | Depths:5 | Paralysed by a floating eye for 4 turns
 70396 | Depths:4 | Received a gift from Okawaru
 71256 | Depths:5 | Received a gift from Okawaru
 71639 | Depths:5 | Found Ufiul's Jewellery Shop.
 71652 | Depths:5 | Received a gift from Okawaru
 71993 | Depths:5 | Found a gate to the Realm of Zot.
 73073 | Elf:3    | Entered Level 3 of the Elven Halls
 73268 | Elf:3    | Reached skill level 24 in Fighting
 73528 | Elf:3    | Found Uciycak's Armour Emporium.
 74023 | Elf:3    | Received a gift from Okawaru
 74080 | Elf:3    | Identified the cursed +1 halberd "Parymabe" {vamp, rElec}
 74080 | Elf:3    | Identified the ring "Yrafet" {rF+ rCorr Dex+5}
 74300 | Elf:3    | Reached XP level 24. HP: 238/238 MP: 28/28
 74315 | Elf:3    | Identified the Disquisition on Ignition and Bewitchment
 74756 | Elf:3    | Identified the cursed +3 morningstar of Battle {antimagic,
                  | Int+5}
 74756 | Elf:3    | Identified the ring "Emurph" {+Fly Will+ MP+9 Int-5}
 76367 | Orc:2    | Bought a potion of curing for 48 gold pieces
 76367 | Orc:2    | Bought 2 potions of curing for 96 gold pieces
 76367 | Orc:2    | Bought a potion of might for 64 gold pieces
 76609 | Depths:3 | Bought a scroll of fog for 22 gold pieces
 76906 | Crypt:1  | Entered Level 1 of the Crypt
 77966 | Vaults:5 | Entered Level 5 of the Vaults
 78123 | Vaults:5 | Received a gift from Okawaru
 78397 | Vaults:5 | Received a gift from Okawaru
 78558 | Vaults:5 | Noticed Boris
 78609 | Vaults:5 | Killed Boris
 78739 | Vaults:5 | Identified the +6 plate armour of Moral Flaws {rPois rC+}
 78950 | Vaults:5 | Reached XP level 25. HP: 201/247 MP: 28/28
 79114 | Vaults:4 | Received a gift from Okawaru
 79200 | Vaults:4 | Reached skill level 25 in Fighting
 79849 | Vaults:5 | Identified the +6 battleaxe of Shrieking Terror {vorpal,
                  | +Inv rC+++ Dex-5 Stlth-}
 79971 | Vaults:4 | Received a gift from Okawaru
 80162 | Vaults:4 | Received a gift from Okawaru
 80233 | Vaults:5 | Identified the +4 ring mail of the Stars {Slay+3 Stlth+}
 80960 | Vaults:5 | Identified the cursed +2 morningstar of Red Wine {vorpal,
                  | Will++}
 81068 | Vaults:5 | Received a gift from Okawaru
 81130 | Vaults:5 | Got a silver rune of Zot
 81205 | Vaults:5 | Received a gift from Okawaru
 81206 | Vaults:5 | Reached skill level 10 in Throwing
 81208 | Vaults:5 | Got a steaming war axe {god gift}
 81211 | Vaults:5 | Identified the +8 war axe of Axkay {pain, rPois Str+3
                  | Int-4} (Okawaru gifted it to you on level 5 of the Vaults)
 81316 | Vaults:5 | Identified Fuur's Guide on Envenoming and Ice
 81367 | Vaults:5 | Reached skill level 10 in Evocations
 81662 | Vaults:5 | Found Aqis's Armour Shoppe.
 81681 | Vaults:5 | Got a slimy plate armour
 81682 | Vaults:5 | Identified the +1 plate armour of Subjectivity {rF+ rC+}
                  | (You found it on level 5 of the Vaults)
 81989 | Vaults:5 | Reached skill level 26 in Fighting
 83523 | Zot:1    | Entered Level 1 of the Realm of Zot
 83533 | Zot:1    | Received a gift from Okawaru
 83740 | Depths:5 | Received a gift from Okawaru
 84019 | Zot:1    | Received a gift from Okawaru
 84989 | Zot:2    | Reached XP level 26. HP: 264/264 MP: 28/28
 85225 | Zot:2    | Found a huge runed gate.
 85225 | Zot:2    | Found a huge runed gate.
 85225 | Zot:2    | Found a huge runed gate.
 85225 | Zot:2    | Found a huge runed gate.
 85225 | Zot:2    | Found a huge runed gate.
 85225 | Zot:2    | Found a huge runed gate.
 85225 | Zot:2    | Found a huge runed gate.
 85227 | Zot:2    | Found a huge runed gate.
 85227 | Zot:2    | Found a huge runed gate.
 85228 | Zot:2    | Found a huge runed gate.
 85235 | Zot:2    | Found a huge runed gate.
 85235 | Zot:2    | Found a huge runed gate.
 85235 | Zot:2    | Found a huge runed gate.
 85235 | Zot:2    | Found a huge runed gate.
 85235 | Zot:2    | Found a huge runed gate.
 85373 | Zot:1    | Received a gift from Okawaru
 85896 | Zot:2    | Reached skill level 27 in Fighting
 86056 | Zot:1    | Received a gift from Okawaru
 86181 | Zot:2    | Found a huge runed gate.
 86181 | Zot:2    | Found a huge runed gate.
 86181 | Zot:2    | Found a huge runed gate.
 86181 | Zot:2    | Found a huge runed gate.
 86181 | Zot:2    | Found a huge runed gate.
 86211 | Zot:2    | Found a huge runed gate.
 86273 | Zot:2    | Found a huge runed gate.
 86274 | Zot:2    | Found a huge runed gate.
 86274 | Zot:2    | Found a huge runed gate.
 86274 | Zot:2    | Found a huge runed gate.
 86281 | Zot:2    | Found a huge runed gate.
 86281 | Zot:2    | Found a huge runed gate.
 86281 | Zot:2    | Found a huge runed gate.
 86281 | Zot:2    | Found a huge runed gate.
 86601 | Zot:2    | Received a gift from Okawaru
 86602 | Zot:2    | Got a faintly humming plate armour {god gift}
 86603 | Zot:2    | Identified the +9 plate armour "Lyecieq" {Harm rCorr Dex-2
                  | Slay+4} (Okawaru gifted it to you on level 2 of the Realm
                  | of Zot)
 88129 | Zot:2    | Acquired 1286 gold pieces
 88480 | Zot:3    | Reached skill level 15 in Throwing
 88893 | Zot:3    | Received a gift from Okawaru
 89626 | Zot:3    | Reached XP level 27. HP: 273/273 MP: 28/28
 91864 | Zot:5    | Entered Level 5 of the Realm of Zot
 91898 | Zot:4    | Received a gift from Okawaru
 94958 | Zot:5    | Received a gift from Okawaru
 94959 | Zot:5    | Got an iridescent hand axe {god gift}
 94960 | Zot:5    | Identified the +3 hand axe of Cynicism {venom, rN+}
                  | (Okawaru gifted it to you on level 5 of the Realm of Zot)
 95019 | Zot:5    | Noticed an orb of fire
 95071 | Zot:5    | Noticed an orb of fire
 95084 | Zot:4    | Killed an orb of fire
 95127 | Zot:4    | Gained mutation: Your magical capacity is low. (-10% MP)
                  | [an orb of fire]
 95130 | Zot:4    | Gained mutation: You are clumsy. (Dex -2) [an orb of fire]
 95135 | Zot:4    | Killed an orb of fire
 95254 | Zot:5    | Noticed an orb of fire
 95268 | Zot:5    | Killed an orb of fire
 95268 | Zot:5    | Received a gift from Okawaru
 95450 | Zot:5    | Noticed an ancient lich
 95479 | Zot:5    | Killed an ancient lich
 95479 | Zot:5    | Received a gift from Okawaru
 95494 | Zot:5    | Got a fine hand axe {god gift}
 95495 | Zot:5    | Identified the +7 hand axe of Circular Logic {drain, rF+}
                  | (Okawaru gifted it to you on level 5 of the Realm of Zot)
 95539 | Zot:5    | Noticed an ancient lich
 95564 | Zot:5    | Killed an ancient lich
 95615 | Zot:5    | Noticed an ancient lich
 95631 | Zot:5    | Killed an ancient lich
 95642 | Zot:5    | Noticed an ancient lich
 95661 | Zot:5    | Killed an ancient lich
 95661 | Zot:5    | Received a gift from Okawaru
 95710 | Zot:5    | Noticed an ancient lich
 95755 | Zot:5    | Killed an ancient lich
 95893 | Zot:5    | Received a gift from Okawaru
 95984 | Zot:5    | Got a fading cloak
 95998 | Zot:5    | Identified the +1 cloak "Voteot" {Harm rPois Will- rCorr}
                  | (You found it on level 5 of the Realm of Zot)
 96108 | Zot:5    | Noticed an ancient lich
 96147 | Zot:5    | Killed an ancient lich
 96147 | Zot:5    | Received a gift from Okawaru
 96148 | Zot:5    | Reached skill level 15 in Evocations
 97158 | Zot:5    | Received a gift from Okawaru
 97159 | Zot:5    | Got an ancient hat {god gift}
 97160 | Zot:5    | Identified the +0 hat of Ifoafuu {rF+ Regen+} (Okawaru
                  | gifted it to you on level 5 of the Realm of Zot)
 97601 | Zot:5    | Got the Orb of Zot
 97618 | Zot:5    | Noticed Hahas the pandemonium lord
 98205 | D:$      | Escaped with the Orb!

Illustrated notes

Levels and vault maps discovered:
D:1:      eino_arrival_water_star, layout_basic
D:2:      layout_loops_ring, chequers_ecumenical_altar_twisty
D:3:      layout_loops_corners, regret_index_temple_of_mockery,
          gammafunk_ghost_cemetery, uniq_grinder
D:4:      layout_loops_corners, kennysheep_little_box
D:5:      layout_rooms, cheibrodos_sewer_entry_drain, grunt_ministairs_1
D:6:      layout_basic, gammafunk_temple_overflow_statue,
          minmay_temple_entry_statues_pillars, grunt_decor_fettered,
          kennysheep_decorative_pillar
D:7:      layout_rooms, lemuel_crystal_altar
D:8:      layout_cave_pods, erik_lair_island, basic_altar
D:9:      layout_roguey, lemuel_flamethrower_hall, uniq_gastronok, uniq_grum,
          uniq_erolcha
D:10:     layout_long_grid, basic_altar
D:11:     layout_cave_pods
D:12:     layout_rooms, orc_0_dummy, nicolae_trove_entry_isolated, serial_shops,
          shop_fountains
D:13:     layout_basic, minmay_misc_feat_x
D:14:     layout_rooms, hangedman_vaults_entry_quadrant_bands,
          portal_ice_cave_entry_imps, kennysheep_nub
D:15:     grunt_enter_depths_magical_seal, layout_basic, gauntlet_entry_generic,
          minmay_misc_feat_alley
Temple:   eino_temple_rhombus
Lair:1:   layout_loops_ring, infiniplex_staircase_pool_2, uniq_urug, uniq_harold
Lair:2:   layout_cave_pods, beast_lair_carwin_10, lemuel_fruit_tree,
          minmay_lair_oklob_chamber, grunt_megastairs_2, uniq_nergalle,
          uniq_erica, uniq_sonja
Lair:3:   layout_chaotic_city
Lair:4:   layout_roguey, skrybe_swamp_entry_bodies,
          nicolae_spider_entry_non_spiders, wad_woods_river_03
Lair:5:   layout_regular_city, slime_altar_1
Lair:6:   evilmike_catoblepas_cave, layout_loops_ring, wad_woods_antlair,
          uniq_rupert, uniq_kirke
Swamp:1:  layout_falls_marsh, evilmike_swamp_ruin_house_5, swamp_pool1
Swamp:2:  layout_basic_swamp, evilmike_swamp_ruin_rubble_1
Swamp:3:  layout_falls_marsh, evilmike_swamp_ruin_house_6, swamp_pool1
Swamp:4:  byrel_swamp_growth_death_and_undeath, layout_basic_swamp, uniq_mara
Spider:1: layout_spider_delve
Spider:2: layout_spider_delve, hangedman_spider_tarantella_strand, uniq_roxanne,
          uniq_nikola
Spider:3: layout_chambers, nicolae_spider_cling_halls, uniq_arachne
Spider:4: grunt_spider_rune_island, amcnicky_altar_lugonu_corruption
Orc:1:    orc_temple, layout_diamond_mine, uniq_snorg
Orc:2:    st_orc_elflike, layout_diamond_mine, serial_shops, shop, basic_altar
Elf:1:    layout_rooms, special_room [special_room_orc],
          hangedman_elf_disciples, nicolae_rare_books
Elf:2:    layout_geoelf_octagon, serial_shops, nicolae_shop_behind_doors,
          nicolae_elf_m_pinch, minivault_5
Elf:3:    grunt_elf_hall_spiral, layout_onion_city, serial_shops,
          nicolae_shop_behind_doors, minivault_16
Vaults:1: ontoclasm_vaults_decontamination, st_smaller_cells, v_misc_3,
          vaults_room_door_hall, nicolae_vaults_shelves_hall, v_misc_16,
          v_misc_8, hangedman_vaults_maws, ontoclasm_vaults_eye,
          layout_vaults_quadrants, serial_shops, shop, uniq_saint_roka
Vaults:2: grunt_vaults_bifocal, nicolae_vaults_little_squares_3,
          nicolae_vaults_network_quinsquares
          [nicolae_vaults_network_quincunx_subvault,
          nicolae_vaults_network_quincunx_subvault,
          nicolae_vaults_network_quincunx_subvault,
          nicolae_vaults_network_quincunx_subvault], hangedman_vaults_maws,
          nicolae_vaults_ring_of_whatevers, hangedman_vaults_corner, v_misc_14,
          v_misc_30, nicolae_vaults_diagonal_hallway_6, vaults_room_pools,
          layout_vaults_chaotic_city, serial_shops, shop_fountains, uniq_donald,
          uniq_boris
Vaults:3: ontoclasm_vaults_gateway, vaults_standard_mumra_x,
          blue_anna_dwarven_crypt, vaults_mumra_chevron,
          ontoclasm_vaults_hangar, v_misc_14, v_misc_1,
          ontoclasm_vaults_ligature, hangedman_vaults_locks,
          nicolae_vaults_sealed_display, hangedman_vaults_stretched_pinwheel,
          vaults_dpeg_cross, layout_vaults_ring, uniq_aizul
Vaults:4: grunt_vaults_diagonal, nicolae_vaults_quadrants,
          vaults_standard_mumra_enter_the_diamond, hangedman_vaults_impose,
          vaults_room_grid, hangedman_vaults_nodes, v_alt_pattern_4,
          vaults_dpeg_doors, nicolae_vaults_network_star, v_misc_17,
          ontoclasm_vaults_fault, hangedman_vaults_capsules,
          nicolae_vaults_asterisk, ontoclasm_vaults_claustrophobia,
          vaults_dpeg_ring, layout_vaults_omnibox, uniq_mennas
Vaults:5
Crypt:1:  layout_catacombs, uniq_margery
Depths:1: layout_cave_shapes, enter_ziggurat_a, roderic_lattice_octagonal_star,
          grunt_pan_entry_sceptre, lightli_too_deep,
          serial_sigils_hangedman_gut, minmay_fire_ice_demons, firewood_loft
Depths:2: cheibrodos_birdhouse, layout_gridlike, grunt_pan_entry_zigzag,
          hell_entry, fountainhead, serial_shops, bzr_entry_lakeside,
          nemelex_diamond_rough_becter, serial_bayou_shore_a,
          infiniplex_staircase_door_maze
Depths:3: minmay_expanding_circles, layout_gridlike, serial_glass,
          glass_columns_c, glass_columns_a, serial_shops,
          nicolae_shop_statue_plus, nicolae_shop_window_shopping, shop, shop,
          shop, grunt_hell_entry_dis_grunt, pan_entry, minmay_holes,
          kennysheep_generic_room_11, infiniplex_staircase_zigzag_2
Depths:4: kennysheep_water_balloons, layout_gridville,
          hangedman_abyss_entry_splay, moated_statue, mu_enter_wizlab_1,
          rand_demon_pan_entry_8, hell_entry, hangedman_abyss_or_decor_passed
Depths:5: grunt_zot_entry_pinwheel, layout_cave_shapes, serial_shops,
          nicolae_shop_crystal, pf_hell_entry_great_geh, minmay_misc_feat_tower,
          corner_web_ring
Zot:1:    layout_misc_corridors
Zot:2:    layout_misc_corridors, door_vault, grunt_megastairs_4
Zot:3:    layout_basic, st_stairs_1, grunt_ministairs_11
Zot:4:    layout_concentric_octagons
Zot:5:    layout_cathedral_of_symmetry

Skill      XL: |  1  2  3  4  5  6  7  8  9 10 11 12 13 14 15 16 17 18 19 20 21 22 23 24 25 26 27 |
---------------+----------------------------------------------------------------------------------+-----
Axes           | 3 4 5 6 7 8 10 12 13 14 15 17 18 19 20 | 20.0
Fighting       | 4 5 6 7 8 9 10 11 12 13 14 15 17 19 21 22 23 24 26 27 | 27.0
Armour         | 4 5 6 7 8 9 10 11 12 13 14 16 17 19 20 21 22 | 22.0
Shields        | 4 5 6 8 9 10 11 12 13 15 18 20 21 22 | 22.0
Invocations    | 1 3 4 6 8 9 |  9.0
Dodging        | 5 8 10 11 12 13 14 15 17 18 19 22 | 22.0
Throwing       | 2 4 6 8 11 15 21 | 21.6
Evocations     | 3 5 8 10 12 15 | 15.0

Action                   |  1- 3 |  4- 6 |  7- 9 | 10-12 | 13-15 | 16-18 | 19-21 | 22-24 | 25-27 || total
-------------------------+-------+-------+-------+-------+-------+-------+-------+-------+-------++-------
Melee: War axe           |    70 |    77 |   196 |       |       |       |       |       |       ||   343
       Headbutt          |    16 |    10 |    65 |   158 |   234 |   280 |   566 |   631 |   729 ||  2689
       Hand axe          |       |       |   201 |   383 |       |       |       |       |       ||   584
       Flail             |       |       |       |   240 |       |       |       |       |       ||   240
       Mace              |       |       |       |     8 |       |       |       |       |       ||     8
       Broad axe         |       |       |       |   157 |  1052 |  1157 |  1602 |  1462 |  1750 ||  7180
       Unarmed           |       |       |       |    28 |       |       |       |       |       ||    28
       Scimitar          |       |       |       |       |    20 |       |       |       |       ||    20
Throw: Dart              |       |       |       |     2 |       |       |       |       |       ||     2
       Boomerang         |       |       |       |       |       |   134 |     2 |       |       ||   136
       Javelin           |       |       |       |       |       |       |       |       |    12 ||    12
Invok: Heroism           |       |       |     1 |    12 |     9 |     7 |     6 |     9 |    11 ||    55
       Finesse           |       |       |       |     9 |     4 |     4 |     5 |     8 |    11 ||    41
Evoke: Box of beasts     |       |       |       |     1 |       |       |       |       |       ||     1
  Use: Scroll            |       |     1 |     8 |     8 |    20 |     5 |    17 |    10 |    15 ||    84
       Potion            |       |       |       |     1 |     1 |     3 |     2 |       |     3 ||    10
 Stab: Distracted        |       |       |       |       |       |       |     1 |       |       ||     1
Armor: Scale mail        |    15 |    10 |       |       |       |       |       |       |       ||    25
       Chain mail        |       |    10 |     6 |       |   262 |    26 |       |       |       ||   304
       Plate armour      |       |       |   154 |   195 |    10 |   527 |   192 |   126 |   169 ||  1373
       Skin              |       |       |       |    10 |       |       |       |       |       ||    10
       Swamp dragon scal |       |       |       |       |       |     1 |       |       |       ||     1
Dodge: Dodged            |    18 |    21 |    52 |   189 |   179 |   550 |   323 |   334 |   529 ||  2195
       Repelled          |       |     1 |     1 |     1 |     4 |    13 |    11 |    10 |    47 ||    88
Block: Kite shield       |    42 |    20 |       |       |       |       |       |       |       ||    62
       Tower shield      |       |    13 |   301 |   518 |   802 |  1285 |  1013 |   869 |  1479 ||  6280
       Reflection        |       |       |       |       |    31 |       |       |       |       ||    31
